 Dungeon Crawl Stone Soup version 0.20.0-4-g10b340a (webtiles) character file.

11595 straycat the Nimble (level 11, -5/85 HPs)
             Began as a Vampire Wanderer on May 27, 2017.
             Was a Believer of Yredelemnul.
             Slain by an orc warrior
             ... wielding a +0 battleaxe
              (24 damage)
             ... on level 11 of the Dungeon on May 28, 2017.
             The game lasted 03:11:18 (20224 turns).

straycat the Nimble (Vampire Wanderer)             Turns: 20224, Time: 03:11:19

Health: -5/85      AC: 15    Str: 12    XL:     11   Next: 51%
Magic:  16/19      EV: 17    Int: 17    God:    Yredelemnul [**....]
Gold:   604        SH:  6    Dex: 17    Spells: 4/21 levels left

rFire    . . .     SeeInvis +   u - +0 scimitar (slice)
rCold    . . .     Gourm    .   q - +1 buckler
rNeg     + . .     Faith    .   I - +4 ring mail of Absence {SInv}
rPois    .         Spirit   .   r - +0 helmet
rElec    .         Reflect  .   C - +0 cloak
rCorr    .         Harm     .   N - +2 pair of gloves
MR       ++...                  f - +0 pair of boots
Stlth    ++++......             (no amulet)
Regen    0.3/turn               P - ring of protection from magic
MPRegen  0.2/turn               y - +3 ring of intelligence

@: infused, singing, studying Invocations
A: fangs 3, see invisible, unbreathing
a: Bat Form, Animate Remains, Recall Undead Slaves, Injury Mirror, Renounce
Religion


You were on level 11 of the Dungeon.
You worshipped Yredelemnul.
Yredelemnul was pleased with you.
You were not thirsty.

You visited 2 branches of the dungeon, and saw 13 of its levels.

You collected 604 gold pieces.

Inventory:

Hand Weapons
 n - a +0 arbalest
 u - a +0 scimitar of slicing (weapon)
 w - a +1 hunting sling of flaming
 B - a +3 quarterstaff of chaos
 F - the +5 quarterstaff of Fakkusup {flame, +Blink rPois Str+3 Int+4}
   (You found it on level 4 of the Dungeon)

   It has been specially enchanted to burn those struck by it, causing extra
   injury to most foes and up to half again as much damage against particularly
   susceptible opponents.
   It affects your strength (+3).
   It affects your intelligence (+4).
   It protects you from poison.
   It lets you blink.
 T - a +2 long sword of freezing
 U - a +0 blowgun
 Z - a +2 dagger of speed
Missiles
 d - a throwing net
 h - 6 needles of confusion
 p - 301 stones
 J - 33 poisoned needles
 V - 25 bolts
 W - 4 curare-tipped needles
 Y - 2 poisoned tomahawks (quivered)
Armour
 f - a +0 pair of boots (worn)
 q - a +1 buckler (worn)
 r - a +0 helmet (worn)
 C - a +0 cloak (worn)
 I - the +4 ring mail of Absence (worn) {SInv}
   (You found it on level 5 of the Dungeon)

   It lets you see invisible.
 N - a +2 pair of gloves (worn)
 Q - a +2 robe of magic resistance
 R - a +0 robe of positive energy
Magical Staves
 m - an uncursed staff of energy
Jewellery
 y - a +3 ring of intelligence (right hand)
 L - the amulet "Bytrir" {+Rage MR+ Dex-3 SInv, unknown}
   (You found it on level 11 of the Dungeon)

   [amulet of rage]

   It affects your dexterity (-3).
   It affects your resistance to hostile enchantments.
   It lets you see invisible.
   It lets you go berserk.
 P - a ring of protection from magic (left hand)
Wands
 j - a wand of iceblast (10/15)
 s - a wand of random effects (27/48)
 v - a wand of disintegration (7/24)
 x - a wand of enslavement (13/24)
 H - a wand of polymorph (21/24)
Scrolls
 l - a scroll of teleportation
 D - a scroll of amnesia
 E - 2 scrolls of immolation
 X - 2 scrolls of remove curse
Potions
 b - a potion of brilliance {unknown}
 c - 4 potions of lignification
 e - 20 potions of blood
 k - 2 potions of ambrosia
 o - 3 potions of heal wounds
 t - 2 potions of flight
 z - a potion of mutation
 A - 2 potions of curing
 K - 3 potions of haste
 M - a potion of magic
 O - 3 potions of cancellation
Books
 a - a book of Battle

   Spells                             Type                      Level
   a - Infusion                       Charms                       1
   b - Shroud of Golubria             Charms/Translocation         2
   c - Song of Slaying                Charms                       2
   d - Spectral Weapon                Hexes/Charms                 3
   e - Regeneration                   Charms/Necromancy            3
 g - a book of Debilitation

   Spells                             Type                      Level
   a - Corona                         Hexes                        1
   b - Slow                           Hexes                        2
   c - Inner Flame                    Hexes/Fire                   3
   d - Portal Projectile              Hexes/Translocation          3
   e - Cause Fear                     Hexes                        4
   f - Leda's Liquefaction            Hexes/Earth                  4
 i - a book of Minor Magic

   Spells                             Type                      Level
   a - Magic Dart                     Conjuration                  1
   b - Blink                          Translocation                2
   c - Call Imp                       Summoning                    2
   d - Slow                           Hexes                        2
   e - Conjure Flame                  Conjuration/Fire             3
   f - Mephitic Cloud                 Conjuration/Poison/Air       3
 G - a manual of Invocations
 S - a book of Clouds

   Spells                             Type                      Level
   a - Poisonous Vapours              Poison/Air                   2
   b - Mephitic Cloud                 Conjuration/Poison/Air       3
   c - Conjure Flame                  Conjuration/Fire             3
   d - Freezing Cloud                 Conjuration/Ice/Air          6
   e - Ring of Flames                 Charms/Fire                  7


   Skills:
 * Level 7.7 Fighting
 * Level 9.4(9.5) Short Blades
 + Level 1.5(5.6) Long Blades
   Level 1.0 Maces & Flails
 + Level 2.3 Armour
 * Level 10.2 Dodging
 - Level 10.1 Stealth
 - Level 4.0 Shields
 + Level 5.9 Spellcasting
 - Level 2.1 Charms
 - Level 1.0 Poison Magic


You had 4 spell levels left.
You knew the following spells:

 Your Spells              Type           Power        Failure   Level  Hunger
a - Infusion              Chrm           ##..         12%         1    None
b - Shroud of Golubria    Chrm/Tloc      #.........   26%         2    None
c - Regeneration          Chrm/Necr      #.........   47%         3    ##.....
d - Spectral Weapon       Hex/Chrm       #.......     47%         3    ##.....
e - Song of Slaying       Chrm           ##......     17%         2    None
f - Slow                  Hex            #.......     41%         2    None
g - Magic Dart            Conj           #...         28%         1    None
h - Poisonous Vapours     Pois/Air       #.....       34%         2    None
i - Corona                Hex            #......      28%         1    None


Dungeon Overview and Level Annotations

Branches:
Dungeon (12/15)            Temple (1/1) D:5            Lair (0/6) D:8
    Orc (0/2) D:9

Altars:
Ashenzari
Cheibriados
Dithmenos
Elyvilon
Fedhas
Gozag
Hepliaklqana
Kikubaaqudgha
Makhleb
Nemelex Xobeh
Okawaru
Qazlal
Ru
Sif Muna
Trog
Uskayaw
Vehumet
Xom
Yredelemnul
Zin
The Shining One
Beogh

Shops:
D:8 [=[}[   D:10 }


Innate Abilities, Weirdness & Mutations

You have razor-sharp teeth.
You have supernaturally acute eyesight. (SInv)
You can survive without breathing.


Message History

Your shroud falls apart!
The orc warrior hits you with a scimitar!
You closely miss the orc warrior.
The orc warrior is moderately wounded.
The orc warrior hits you from afar with a halberd!
The orc warrior completely misses you.
You riposte.
You hit the orc warrior but do no damage.
The orc warrior is moderately wounded.
Okay, then.
The orc warrior closely misses you. The orc warrior misses you.
The orc priest invokes the aid of Beogh against you.
Beogh smites you!
* * * LOW HITPOINT WARNING * * *
You climb upwards.
There is a stone staircase leading down here.
You barely miss the orc warrior.
The orc warrior is moderately wounded.
The orc warrior hits you with a battleaxe!!
You die...
Yredelemnul claims you as an undead slave.

.....###...########..............
..............................Z..
+++#........................#####
...#..._....................#
...#......####..............##
...#......# #...............#
...'...#### #...#####+#.....#
...#.### #...'.....#.....# ...#Z#
#.o@#.....#.....# ...#Z#
##.[.o.....##....# ...#Z#
#....#......#....#
####.########....#......#....#
#................#......#....#
#................#......#....# ##
.................#......'....###.
.................########........
........###'###..................


You could see 2 orc warriors.

Vanquished Creatures
  Erolcha (D:10)
  A two-headed ogre (D:11)
  A death yak (D:8)
  The ghost of buskinjo the Quickloader, a novice KoHu (D:6)
  Maurice (D:11)
  A kobold demonologist (D:10)
  A hornet (D:8)
  Grinder (D:3)
  A hippogriff (D:11)
  A spriggan (D:7)
  A wyvern (D:10)
  A hungry ghost (D:10)
  3 yaks (D:11)
  3 water moccasins
  A swamp drake (D:9)
  3 ice beasts
  7 orc warriors
  3 sky beasts
  6 ogres
  2 phantoms
  6 centaurs
  3 big kobolds
  6 bullfrogs
  A water moccasin skeleton (D:8)
  5 scorpions
  11 wights
  8 howler monkeys
  A centaur zombie (D:7)
  5 crimson imps
  A bullfrog zombie (D:7)
  7 orc priests
  4 hounds
  4 jellies
  A bullfrog skeleton (D:7)
  Crazy Yiuf (D:3)
  A centaur skeleton (D:4)
  Jessica (D:2)
  5 iguanas
  Ijyb (D:4)
  8 orc wizards
  8 worker ants
  A killer bee zombie (D:9)
  2 hound skeletons
  A howler monkey zombie (D:7)
  Robin (D:2)
  7 gnolls (D:3)
  11 adders
  A river rat (D:3)
  6 shadow imps
  2 oozes
  2 adder skeletons
  2 worms
  4 dart slugs
  4 leopard geckos
  54 orcs
  5 bats
  7 giant cockroaches
  23 goblins
  9 hobgoblins
  11 jackals
  6 quokkas
  3 ball pythons
  4 frilled lizards
  A jackal skeleton (D:4)
  A jackal zombie (D:6)
  26 kobolds
  A leopard gecko skeleton (D:5)
  A leopard gecko zombie (D:7)
  A quokka zombie (D:9)
  16 rats
341 creatures vanquished.

Vanquished Creatures (collateral kills)
  Sonja (D:10)
  A centaur zombie (D:10)
  3 yaks (D:11)
  A steam dragon (D:11)
  An ogre (D:9)
  A wight (D:10)
  A bullfrog zombie (D:11)
  An orc wizard (D:10)
  2 orcs (D:10)
  A kobold (D:10)
13 creatures vanquished.

Vanquished Creatures (others)
  A two-headed ogre skeleton (D:11)
  A water moccasin zombie (D:10)
  A centaur skeleton (D:10)
  A human zombie (D:11)
  A sky beast zombie (D:11)
  A howler monkey zombie (D:10)
  A steam dragon skeleton (D:11)
  2 orc skeletons
  3 spectral weapons
12 creatures vanquished.

Grand Total: 366 creatures vanquished

Notes
Turn   | Place    | Note
-------+----------+-------------------------------------------
     0 | D:1      | straycat the Vampire Wanderer began the quest for the Orb.
     0 | D:1      | straycat set off with: a book of Battle, a +0 ring mail, a potion of lignification, a +0 dagger, a potion of blood
     0 | D:1      | Reached XP level 1. HP: 16/16 MP: 1/1
   301 | D:1      | Reached XP level 2. HP: 15/22 MP: 2/2
   803 | D:1      | Reached skill level 1 in Dodging
  1808 | D:2      | Noticed Robin
  1872 | D:2      | Reached XP level 3. HP: 21/27 MP: 4/4
  1879 | D:2      | Killed Robin
  1982 | D:2      | Learned a level 1 spell: Infusion
  2144 | D:2      | Reached skill level 1 in Short Blades
  2292 | D:2      | Reached XP level 4. HP: 33/34 MP: 0/5
  2366 | D:2      | Reached skill level 1 in Spellcasting
  2762 | D:2      | Noticed Jessica
  2775 | D:2      | Killed Jessica
  3348 | D:3      | Reached XP level 5. HP: 33/40 MP: 6/6
  3856 | D:3      | Found a glowing drain.
  3994 | D:3      | Reached XP level 6. HP: 46/47 MP: 8/8
  4097 | D:3      | Reached skill level 5 in Stealth
  4637 | D:3      | Found a runed door.
  4644 | D:3      | Learned a level 2 spell: Shroud of Golubria
  4647 | D:3      | Noticed Crazy Yiuf
  4647 | D:3      | Noticed Grinder
  4658 | D:3      | Killed Crazy Yiuf
  4663 | D:3      | Killed Grinder
  4663 | D:3      | Reached XP level 7. HP: 31/54 MP: 1/10
  5176 | D:4      | Got a blackened quarterstaff
  5611 | D:4      | Noticed Ijyb
  5639 | D:4      | Killed Ijyb
  5749 | D:4      | Identified the +5 quarterstaff of Fakkusup {flame, +Blink rPois Str+3 Int+4} (You found it on level 4 of the Dungeon)
  6433 | D:5      | Entered Level 5 of the Dungeon
  6467 | D:5      | Reached skill level 5 in Dodging
  6555 | D:5      | Reached XP level 8. HP: 53/61 MP: 12/12
  6679 | D:5      | Got an ancient ring mail
  6770 | D:5      | Found a staircase to the Ecumenical Temple.
  6886 | D:5      | Reached skill level 5 in Fighting
  7137 | D:5      | Identified the +4 ring mail of Absence {SInv} (You found it on level 5 of the Dungeon)
  7190 | Temple   | Entered the Ecumenical Temple
  7705 | Temple   | Became a worshipper of Yredelemnul the Dark
  8139 | D:5      | Reached skill level 1 in Shields
  8332 | D:6      | Noticed buskinjo's ghost (novice KoHu)
  9235 | D:5      | Learned a level 3 spell: Regeneration
  9239 | D:5      | Learned a level 3 spell: Spectral Weapon
 10081 | D:6      | Killed buskinjo's ghost
 10081 | D:6      | Reached skill level 5 in Short Blades
 10081 | D:6      | Reached XP level 9. HP: 44/68 MP: 12/15
 11758 | D:7      | Reached * piety under Yredelemnul
 11984 | D:7      | Identified a scroll of acquirement
 12920 | D:8      | Found a staircase to the Lair.
 12921 | D:8      | Noticed a death yak
 12922 | D:8      | Noticed a death yak
 12956 | D:8      | Found Conil's Armour Shoppe.
 13198 | D:8      | Found a sparkling altar of Nemelex Xobeh.
 13224 | D:8      | Found Peryal's Armour Shoppe.
 13276 | D:8      | Found Ufeasud's Gadget Shop.
 13348 | D:8      | Reached XP level 10. HP: 74/76 MP: 17/17
 13395 | D:8      | Killed a death yak
 13467 | D:8      | Noticed a death yak
 14060 | D:8      | Noticed a two-headed ogre
 14068 | D:8      | Found Duchuvai's Jewellery Shop.
 14357 | D:8      | Reached skill level 5 in Spellcasting
 14361 | D:8      | Learned a level 2 spell: Song of Slaying
 14542 | D:8      | Reached ** piety under Yredelemnul
 14953 | D:8      | Found Gompyabe's Armour Emporium.
 15692 | D:9      | Found a shadowy altar of Dithmenos.
 15882 | D:9      | Found a glowing golden altar of the Shining One.
 15884 | D:9      | Found a blossoming altar of Fedhas.
 16268 | D:9      | Found a staircase to the Orcish Mines.
 16718 | D:10     | Entered Level 10 of the Dungeon
 16808 | D:10     | Noticed Sonja
 16902 | D:10     | Killed Sonja
 16902 | D:10     | Reached XP level 11. HP: 31/84 MP: 3/19
 17214 | D:10     | Found Hostraoc's Quality Used Wands.
 17360 | D:10     | Noticed Erolcha
 17402 | D:10     | Killed Erolcha
 17402 | D:10     | Reached skill level 10 in Stealth
 17596 | D:10     | Learned a level 2 spell: Slow
 17598 | D:10     | Learned a level 1 spell: Magic Dart
 17601 | D:10     | Learned a level 2 spell: Poisonous Vapours
 18213 | D:11     | Noticed a two-headed ogre
 18231 | D:11     | Killed a two-headed ogre
 18231 | D:11     | Reached skill level 1 in Long Blades
 18495 | D:11     | Learned a level 1 spell: Corona
 18677 | D:11     | Found a sacrificial altar of Ru.
 18719 | D:11     | Noticed Maurice
 18733 | D:11     | Killed Maurice
 18733 | D:11     | Reached skill level 10 in Dodging
 18875 | D:11     | Your ally Maurice died
 19184 | D:11     | Got a pitted brass amulet
 19623 | D:12     | Noticed a deep elf mage
 19623 | D:12     | Noticed an unseen horror
 19936 | D:12     | Found a roughly hewn altar of Beogh.
 20224 | D:11     | Slain by an orc warrior

Skill      XL: |  1  2  3  4  5  6  7  8  9 10 11 |
---------------+----------------------------------+-----
Fighting       | 2 3 4 5 6 7 |  7.7
Dodging        | 1 2 3 4 5 6 7 9 10 | 10.2
Short Blades   | 1 2 3 5 7 8 9 |  9.4
Spellcasting   | 1 2 3 4 5 |  5.9
Stealth        | 4 5 6 7 8 9 10 | 10.1
Shields        | 1 2 3 4 |  4.0
Long Blades    | 1 |  1.5
Armour         | 2 |  2.3
Maces & Flails | |  1.0
Charms         | |  2.1
Poison Magic   | |  1.0

Action                   |  1- 3 |  4- 6 |  7- 9 | 10-12 || total
-------------------------+-------+-------+-------+-------++-------
Melee: Short sword       |   148 |   199 |    70 |   118 ||   535
       Bite              |    18 |    24 |    72 |    60 ||   174
       Dagger            |     4 |       |       |       ||     4
       Scimitar          |       |    18 |   406 |   359 ||   783
       Quarterstaff      |       |       |    13 |       ||    13
       Long sword        |       |       |       |     5 ||     5
 Fire: Blowgun           |       |       |     3 |       ||     3
       Hunting sling     |       |       |       |     5 ||     5
Throw: Stone             |     1 |    28 |     7 |       ||    36
       Tomahawk          |       |       |    12 |     3 ||    15
 Cast: Infusion          |     5 |     6 |    40 |    37 ||    88
       Shroud of Golubri |       |     1 |    20 |    21 ||    42
       Spectral Weapon   |       |       |     3 |     4 ||     7
       Song of Slaying   |       |       |       |     6 ||     6
       Magic Dart        |       |       |       |     9 ||     9
       Corona            |       |       |       |     8 ||     8
       Slow              |       |       |       |     7 ||     7
       Poisonous Vapours |       |       |       |     5 ||     5
       Regeneration      |       |       |       |     3 ||     3
Invok: Animate Remains   |       |       |       |    12 ||    12
       Injury Mirror     |       |       |       |     5 ||     5
 Abil: Evoke Blink       |       |       |     1 |       ||     1
  Use: Potion            |     7 |     6 |    30 |    29 ||    72
       Scroll            |     1 |     4 |    21 |    12 ||    38
 Stab: Sleeping          |     2 |     8 |    16 |     9 ||    35
       Distracted        |       |     1 |       |     1 ||     2
       Paralysed         |       |       |     2 |       ||     2
Armor: Ring mail         |    30 |    40 |   151 |   151 ||   372
       Leather armour    |    19 |    25 |       |       ||    44
Dodge: Dodged            |   106 |   134 |   312 |   354 ||   906
Block: Buckler           |       |       |    71 |   165 ||   236
       Rpst.: Scimitar   |       |     6 |    75 |    67 ||   148
